 Dungeon Crawl Stone Soup version 0.30-a0-1157-g2cc9ac7196 (webtiles) character file.

Game seed: 12455095770705191674

7053 iamoutofideas the Severer (level 11, -18/99 HPs)
             Began as a Hill Orc Monk on Apr 24, 2023.
             Was an Initiate of Gozag.
             Killed from afar by a tengu conjurer (35 damage)
             ... with a bolt of lightning
             ... on level 9 of the Dungeon.
             The game lasted 00:13:31 (8899 turns).

iamoutofideas the Severer (Hill Orc Monk)           Turns: 8899, Time: 00:13:31

Health: -18/99     AC: 19    Str: 26    XL:     11   Next: 9%
Magic:  11/11      EV:  8    Int: 13    God:    Gozag
Gold:   90         SH:  0    Dex: 13    Spells: 10/10 levels left

rFire   . . .        a - +0 hand axe
rCold   . . .        d - orb {light}
rNeg    . . .        t - +1 plate armour
rPois   +            D - +2 helmet
rElec   .            p - +0 cloak {rCorr}
rCorr   +            (no gloves)
SInv    .            (no boots)
Will    .....        m - amulet of regeneration Stlth
                     i - ring of poison resistance
HPRegen 1.16/turn    n - +6 ring of strength
MPRegen 0.12/turn

%: no passive effects
@: mighty, glowing, invisible (but backlit and visible)
A: clever 1, strong 1
a: Renounce Religion, Potion Petition, Call Merchant, Bribe Branch


You were on level 9 of the Dungeon.
You worshipped Gozag.
Gozag was noncommittal.
You visited 2 branches of the dungeon, and saw 10 of its levels.
You also visited: Sewer.

You collected 1616 gold pieces.
You spent 68 gold pieces at shops.
You paid 1458 gold pieces to Gozag.

Inventory:

Hand Weapons
 a - a +0 hand axe (weapon)
 z - a +0 war axe
 M - a +0 scimitar of flaming
Missiles
 I - 4 curare-tipped darts (quivered)
Armour
 d - an orb of light (worn)
 f - a +0 cloak
 p - a +0 cloak of preservation (worn)
 q - a +0 chain mail
 t - a +1 plate armour (worn)
 D - a +2 helmet (worn)
Jewellery
 i - a ring of poison resistance (left hand)
 l - a ring of resist corrosion
 m - an amulet of regeneration (around neck)
 n - a +6 ring of strength (right hand)
 x - a ring of ice
 N - an amulet of reflection
 O - a ring of fire
Wands
 b - a wand of quicksilver (9)
 s - a wand of charming (7)
 y - a wand of mindburst (21)
 H - a wand of flame (3)
 P - a wand of polymorph (4)
Scrolls
 g - a scroll of brand weapon
 k - 3 scrolls of enchant weapon
 A - a scroll of poison
 B - 2 scrolls of immolation
 G - a scroll of magic mapping
 J - a scroll of identify
 K - 2 scrolls of blinking {unknown}
Potions
 c - a potion of ambrosia
 e - 2 potions of mutation
 h - a potion of might
 o - 4 potions of cancellation
 r - a potion of experience {unknown}
 u - a potion of attraction {unknown}
 v - 2 potions of lignification {unknown}
 w - 3 potions of brilliance {unknown}
 C - 4 potions of heal wounds {unknown}
 E - a potion of haste {unknown}
 L - 2 potions of degeneration {unknown}


   Skills:
 + Level 9.7 Fighting
 - Level 16.0 Axes
 + Level 9.0 Armour
 + Level 3.3 Dodging


You had 10 spell levels left.
You didn't know any spells.
Your spell library contained the following spells:

 Spells                   Type           Power      Damage    Failure   Level
 Freeze                   Ice            0%         1d3       97%         1
 Slow                     Hex            0%         N/A       97%         1
 Blink                    Tloc           0%         N/A       99%         2
 Confusing Touch          Hex            0%         N/A       100%        3
 Frozen Ramparts          Ice            0%         1d1       100%        3
 Gell's Gravitas          Tloc           0%         N/A       100%        3
 Hailstorm                Conj/Ice       0%         3d3       100%        3
 Teleport Other           Tloc           0%         N/A       100%        3
 Vampiric Draining        Necr           0%         2d6       100%        3
 Volatile Blastmotes      Fire/Tloc      0%         2d10      100%        3
 Fulminant Prism          Conj/Hex       0%         3d5       100%        4
 Iskenderun's Mystic Bla  Conj/Tloc      0%         2d3       100%        4
 Manifold Assault         Tloc           0%         N/A       100%        4
 Lee's Rapid Deconstruct  Erth           0%         3d4*      100%        5
 Dispersal                Tloc           0%         N/A       100%        6
 Storm Form               Tmut/Air       0%         N/A       100%        7


Dungeon Overview and Level Annotations

Branches:
Dungeon (9/15)             Temple (1/1) D:5           Sewer (visited)
   Lair: D:8-11         Orc: D:9-12

Altars:
Ashenzari
Cheibriados
Dithmenos
Elyvilon
Fedhas
Gozag
Hepliaklqana
Makhleb
Nemelex Xobeh
Okawaru
Qazlal
Ru
Sif Muna
Trog
Vehumet
Wu Jian
Xom
Yredelemnul
Zin
The Shining One

Shops:
D:6 *

Annotations:
D:8 3 runed translucent doors, ziggurnaut's ghost, journeyman TeAE


Innate Abilities, Weirdness & Mutations

Your mind is acute. (Int +4, Str/Dex -1)
Your muscles are strong. (Str +4, Int/Dex -1)


Message History

The centaur warrior attacks as you move away!
The centaur warrior hits you.
The centaur warrior kicks you but does no damage.
The centaur warrior wields a +0 shortbow.
The centaur warrior shoots an arrow.
The arrow hits you!
* * * LOW HITPOINT WARNING * * *
The tengu conjurer mumbles some strange words.
The tengu conjurer conjures a globe of magical energy!
A battlesphere comes into view.
The centaur warrior shoots an arrow.
The arrow hits you.
* * * LOW HITPOINT WARNING * * *
The centaur warrior shoots an arrow.
The arrow hits you!
* * * LOW HITPOINT WARNING * * *
Okay, then.
Okay, then.
You feel better.
The centaur is no longer distracted by gold.
The centaur warrior shoots an arrow.
The arrow hits you!
* * * LOW HITPOINT WARNING * * *
Unknown command.
Okay, then.
Okay, then.
You feel mightier all of a sudden.
Unknown command.
You feel better. The tengu conjurer barely misses you.
The tengu conjurer pecks you.
* * * LOW HITPOINT WARNING * * *
The tengu conjurer barely misses you. The centaur attacks as you move away!
The centaur unwields a +0 shortbow.
The centaur hits you but does no damage.
The centaur kicks you but does no damage.
The centaur warrior unwields a +0 shortbow.
The centaur warrior closely misses you.
The centaur warrior kicks you but does no damage.
The centaur wields a +0 shortbow.
The centaur shoots an arrow.
The arrow closely misses you.
The tengu conjurer casts a spell at you.
The bolt of lightning hits you!!
You die...
Your body crumbles into a pile of gold.

$ .##### ..#..
#....# ##..#..##
##..##.... ##..##..#
#
#..#####...cc.####.#
.......!..*Q.@.....#
##.###.##.....<...#
. #.
##.##..........# .##
#..#c.##........#.#
..# #.#.#######..###
.. #.# #...## #..#
#. #.#####....# #..#
........##.# #..#
..#...## #.# #...


You could see a centaur warrior, a tengu conjurer, a centaur and a battlesphere.

Vanquished Creatures
  Erica (D:8)
  A two-headed ogre (D:8)
  An ugly thing (D:9)
  Maurice (D:8)
  Maggie (D:8)
  A tengu conjurer (D:9)
  2 hornets
  2 slime creatures (D:6)
  A water moccasin (D:8)
  Duvessa (D:6)
  An orc warrior (D:8)
  A sky beast (D:5)
  A black bear (D:7)
  3 ice beasts
  5 centaurs
  3 ogres
  7 kobold brigands
  5 bullfrogs
  2 gnoll sergeants (D:8)
  4 scorpions
  Dowan (D:6)
  An electric eel (D:6)
  A howler monkey (D:7)
  2 hounds
  5 orc priests
  A gnoll bouda (D:8)
  9 jellies
  3 sleepcaps
  3 iguanas
  Natasha (thrice) (D:3)
  6 orc wizards
  13 gnolls (D:8)
  6 adders
  2 white imps
  An ufetubus (D:5)
  2 worms
  4 dart slugs
  27 orcs
  4 bats
  18 endoplasms
  5 giant cockroaches
  10 goblins
  6 hobgoblins
  4 jackals
  4 quokkas
  9 ball pythons
  15 frilled lizards
  24 kobolds
  9 rats
242 creatures vanquished.

Vanquished Creatures (others)
  A gnoll (D:8)
  7 fungi (D:6)
  10 toadstools (D:6)
18 creatures vanquished.

Grand Total: 260 creatures vanquished

Notes
Turn   | Place    | Note
-------+----------+-------------------------------------------
     0 | D:1      | iamoutofideas the Hill Orc Monk began the quest for the
                  | Orb.
     0 | D:1      | Reached XP level 1. HP: 19/19 MP: 1/1
    88 | D:1      | Reached XP level 2. HP: 27/27 MP: 2/2
   607 | D:1      | Reached skill level 5 in Axes
   637 | D:1      | Reached XP level 3. HP: 33/33 MP: 3/3
  1535 | D:2      | Found a faded altar of an unknown god.
  1855 | D:3      | Noticed Natasha
  1861 | D:3      | Killed Natasha
  1862 | D:3      | Reached skill level 6 in Axes
  1862 | D:3      | Reached XP level 4. HP: 37/40 MP: 4/4
  1946 | D:3      | Found a white marble altar of Elyvilon.
  1950 | D:3      | Identified the +1 robe of Inviolability {rCorr Dex+2}
  2118 | D:3      | Reached skill level 7 in Axes
  2118 | D:3      | Reached XP level 5. HP: 30/46 MP: 5/5
  2133 | D:3      | Noticed Natasha
  2145 | D:3      | Killed Natasha
  2169 | D:3      | Found a basalt altar of Yredelemnul.
  2173 | D:3      | Found a hazy altar of Hepliaklqana.
  2579 | D:4      | Noticed an ogre
  2621 | D:3      | Noticed Natasha
  2628 | D:3      | Killed Natasha
  2629 | D:3      | Reached skill level 1 in Armour
  2685 | D:4      | Found an opulent altar of Gozag.
  2765 | D:4      | Reached skill level 8 in Axes
  2765 | D:4      | Reached XP level 6. HP: 52/52 MP: 6/6
  3445 | D:5      | Entered Level 5 of the Dungeon
  3461 | D:5      | Reached XP level 7. HP: 58/60 MP: 7/7
  3478 | D:5      | Found a snail-covered altar of Cheibriados.
  3527 | D:5      | Identified the +1 ring mail "Sotalee" {Contam Int+5 Slay-3}
  3574 | D:5      | Reached skill level 9 in Axes
  3692 | D:5      | Found a staircase to the Ecumenical Temple.
  3736 | Temple   | Entered the Ecumenical Temple
  3865 | D:4      | Became a worshipper of Gozag Ym Sagoz the Greedy
  4064 | D:5      | Reached skill level 5 in Fighting
  4470 | D:6      | Reached skill level 10 in Axes
  4470 | D:6      | Reached XP level 8. HP: 65/68 MP: 8/8
  4617 | D:6      | Noticed Duvessa
  4620 | D:6      | Noticed Dowan
  4637 | D:6      | Killed Dowan
  4639 | D:6      | Killed Duvessa
  4671 | D:6      | Found a glowing drain.
  4681 | Sewer    | Entered a sewer
  4918 | Sewer    | Found a viscous altar of Jiyva.
  4992 | Sewer    | Identified the +0 leather armour of Compression {Str+2}
  5156 | D:6      | Reached skill level 11 in Axes
  5226 | D:6      | Found Seffen's Assorted Antiques.
  5237 | D:6      | Bought 2 scrolls labelled CEICLALIGE for 68 gold pieces
  5413 | D:6      | Reached skill level 5 in Armour
  5518 | D:6      | Reached XP level 9. HP: 77/78 MP: 9/9
  5558 | D:6      | Reached skill level 12 in Axes
  6523 | D:7      | Reached skill level 13 in Axes
  6631 | D:7      | Noticed a hornet
  6647 | D:7      | Killed a hornet
  6784 | D:7      | Found a shimmering altar of Xom.
  6982 | D:7      | Reached skill level 14 in Axes
  7175 | D:7      | Reached XP level 10. HP: 85/88 MP: 10/10
  7307 | D:8      | Found a runed translucent gate.
  7309 | D:8      | Found a runed translucent gate.
  7309 | D:8      | Found a runed translucent gate.
  7309 | D:8      | Noticed ziggurnaut's ghost (journeyman TeAE)
  7379 | D:8      | Noticed Maggie
  7400 | D:8      | Killed Maggie
  7614 | D:8      | Gained mutation: Your mind is acute. (Int +4, Str/Dex -1)
                  | [potion of mutation]
  7614 | D:8      | Gained mutation: Your muscles are strong. (Str +4, Int/Dex
                  | -1) [potion of mutation]
  7626 | D:8      | Found a shadowy altar of Dithmenos.
  7801 | D:8      | Noticed Maurice
  7826 | D:8      | Killed Maurice
  7920 | D:8      | Noticed a two-headed ogre
  7937 | D:8      | Killed a two-headed ogre
  7938 | D:8      | Reached skill level 15 in Axes
  8019 | D:8      | Noticed Erica
  8049 | D:9      | Noticed a purple ugly thing
  8051 | D:9      | Noticed a centaur warrior
  8054 | D:9      | Noticed a centaur warrior
  8189 | D:8      | Killed Erica
  8538 | D:8      | Found a glowing golden altar of the Shining One.
  8772 | D:9      | Reached XP level 11. HP: 88/97 MP: 11/11
  8812 | D:9      | Killed a purple ugly thing
  8813 | D:9      | Reached skill level 16 in Axes
  8899 | D:9      | Killed from afar by a tengu conjurer

Illustrated notes

Levels and vault maps discovered:
D:1:      ncdulo_halloftheorcs, layout_loops_corners
D:2:      layout_rooms, ebering_ecumenical_altar_mist
D:3:      layout_basic, mainiacjoe_overflow_alcove_2, jmf_multi_god_temple,
          kennysheep_generic_room_12, uniq_natasha
D:4:      layout_gridville, old_standard_altar, kennysheep_generic_room_16
D:5:      layout_basic, mainiacjoe_overflow_surrounded_room,
          minmay_temple_entry_tees
D:6:      cheibrodos_fertilizer, layout_gridville, portal_sewer_entry_d,
          serial_shops, shop, chequers_serial_rivers_large_a, minivault_14,
          water_maze_lemuel, uniq_duvessa
D:7:      layout_basic, tgw_xom
D:8:      layout_loops_corners, nicolae_dithmenos_the_darkroom,
          tso_oasis_becter, gammafunk_ghost_necromancy, uniq_maggie, uniq_erica,
          uniq_maurice
D:9:      minmay_bloctagon, layout_rooms, mainiacjoe_overflow_brackets
Temple:   hellmonk_temple_two_chambers

Skill      XL: |  1  2  3  4  5  6  7  8  9 10 11 |
---------------+----------------------------------+-----
Axes           | 5 6 7 8 10 11 14 15 16 | 16.0
Fighting       | 4 5 6 7 9 |  9.7
Armour         | 1 2 3 5 6 8 9 |  9.0
Dodging        | 3 |  3.3

Action                     |  1- 3 |  4- 6 |  7- 9 | 10-12 || total
---------------------------+-------+-------+-------+-------++-------
  Melee: Hand axe          |   119 |   108 |   446 |   342 ||  1015
 Invoke: Potion Petition   |       |       |     1 |     2 ||     3
    Use: Scroll            |       |     3 |    11 |     3 ||    17
         Potion            |       |       |       |     9 ||     9
   Stab: Distracted        |       |       |     4 |     2 ||     6
 Armour: Robe              |    17 |       |       |       ||    17
         Chain mail        |    11 |    39 |    52 |       ||   102
         Plate armour      |       |       |   147 |   183 ||   330
  Dodge: Dodged            |    64 |    36 |   125 |   113 ||   338

Table legend: (Time is in decaauts)
 A = Elapsed time spent in this place.
 B = Non-inter-level travel time spent in this place.
 C = Inter-level travel time spent in this place.
 D = Time resting spent in this place.
 E = Time spent auto-exploring this place.
 F = Levels seen in this place.
 G = Mean time per level.
                   A        B        C        D        E       F      G
               +--------+--------+--------+--------+--------+-----+--------+
         Total |   8705 |   8317 |    388 |    765 |   5463 |  11 |  791.4 |
       Dungeon |   8255 |   7876 |    379 |    712 |   5302 |   9 |  917.2 |
        Temple |     79 |     70 |      9 |      0 |     10 |   1 |   79.0 |
         Sewer |    370 |    370 |      0 |     53 |    150 |   1 |  370.0 |
               +--------+--------+--------+--------+--------+-----+--------+

Top non-repeatable levels by time:
     D:6: 1610 daAuts
     D:1: 1348 daAuts
     D:8: 1283 daAuts
     D:5: 867 daAuts
     D:3: 848 daAuts
     D:7: 827 daAuts
     D:4: 806 daAuts
     D:2: 468 daAuts
   Sewer: 370 daAuts
     D:9: 193 daAuts
  Temple: 79 daAuts
